 Dungeon Crawl Stone Soup version 0.21.0-3-g78d12a8 (webtiles) character file.

128 MTVSty1e the Twirler (level 4, 0/39 HPs)
             Began as a Draconian Gladiator on Jan 8, 2018.
             Slain by a goblin (6 damage)
             ... led by Robin
             ... on level 3 of the Dungeon.
             The game lasted 00:02:06 (1300 turns).

MTVSty1e the Twirler (Draconian Gladiator)          Turns: 1300, Time: 00:02:07

Health: 0/39       AC:  5    Str: 17 (18) XL:     4   Next: 86%
Magic:  4/4        EV: 17    Int:  7 (8)  God:
Gold:   70         SH:  0    Dex: 10 (12) Spells: 3/3 levels left

rFire    . . .     SeeInvis .   a - +0 quarterstaff
rCold    . . .     Gourm    .   (shield currently unavailable)
rNeg     . . .     Faith    .   (armour unavailable)
rPois    .         Spirit   .   b - +0 hat
rElec    .         Reflect  .   (no cloak)
rCorr    .         Harm     .   (no gloves)
MR       .....                  (no boots)
Stlth    ++........             (no amulet)
HPRegen  0.13/turn              j - ring of stealth
MPRegen  0.09/turn              k - +5 ring of evasion

@: no status effects
A: unfitting armour, cold-blooded, AC +5
a: no special abilities


You were on level 3 of the Dungeon.
You were not hungry.

You visited 1 branch of the dungeon, and saw 3 of its levels.

You collected 70 gold pieces.

Inventory:

Hand Weapons
 a - a +0 quarterstaff (weapon)
Missiles
 c - 3 throwing nets (quivered)
Armour
 b - a +0 hat (worn)
Jewellery
 j - a ring of stealth (left hand)
 k - a +5 ring of evasion (right hand)
 m - a +3 ring of protection {unknown}
Scrolls
 e - 2 scrolls of magic mapping {unknown}
 h - a scroll of teleportation {unknown}
 i - a scroll of noise {unknown}
 l - 2 scrolls of remove curse {unknown}
Potions
 f - 2 potions of curing
Comestibles
 d - 6 rations


   Skills:
 + Level 3.6 Fighting
 * Level 4.9 Staves
 - Level 1.7 Throwing
 - Level 2.6 Dodging


You had 3 spell levels left.
You didn't know any spells.

Dungeon Overview and Level Annotations

Branches:
Dungeon (3/15)

Altars:
Wu Jian


Innate Abilities, Weirdness & Mutations

Your plain brown scales are hard. (AC +5)
You cannot fit into any form of body armour.
You are cold-blooded and may be slowed by cold attacks.


Message History

The orc wizard gestures wildly while chanting.
The orc wizard flickers and vanishes!
The rat barely misses you. The worm closely misses you.
The hobgoblin hits you with a club.
You sock the worm!
The worm is severely wounded.
The goblin misses you. The hobgoblin closely misses you.
The goblin closely misses you. The rat closely misses you.
It was a potion of degeneration.
There was something very wrong with that liquid.
You feel weakened.
You feel dopey.
You feel clumsy. The hobgoblin hits you with a club. The goblin hits you.
The goblin completely misses you. The hobgoblin barely misses you.
The worm bites you!
* * * LOW HITPOINT WARNING * * *
You hear some strange, mumbled words.
The rat misses you.
You are too injured to fight recklessly!
It was a potion of cancellation.
You feel magically purged. The hobgoblin closely misses you.
The goblin misses you. The goblin hits you.
You die...

.....$..#
.......$#
........#
........#
........#
........#
..l.....#
......gg#
.....gr@#
#....oggwg.%...
##.....go{.....
#......{>.....
........##.....
.#......# .....
#.###### ####
..


You could see a worm, an orc wizard, an orc, a leopard gecko (wandering), 4
hobgoblins, 3 goblins and a rat.

Vanquished Creatures
  Jessica (D:2)
  Robin (D:3)
  3 adders (D:2)
  An ooze (D:1)
  2 worms (D:2)
  A leopard gecko (D:1)
  3 giant cockroaches
  10 goblins
  9 hobgoblins
  5 jackals (D:2)
  A quokka (D:2)
  3 bats
  A frilled lizard (D:2)
  4 kobolds
  4 rats (D:2)
49 creatures vanquished.

Notes
Turn   | Place    | Note
-------+----------+-------------------------------------------
     0 | D:1      | MTVSty1e the Draconian Gladiator began the quest for the Orb.
     0 | D:1      | Reached XP level 1. HP: 17/17 MP: 1/1
   214 | D:1      | Reached XP level 2. HP: 18/25 MP: 2/2
   578 | D:2      | Found an ornate altar of the Wu Jian Council.
   623 | D:2      | Noticed Jessica
   629 | D:2      | Killed Jessica
   629 | D:2      | Reached skill level 4 in Staves
   629 | D:2      | Reached XP level 3. HP: 17/31 MP: 3/3
   779 | D:2      | Reached XP level 4. HP: 30/38 MP: 4/4
  1290 | D:3      | Noticed Robin
  1296 | D:3      | Killed Robin
  1300 | D:3      | Slain by a goblin

Skill      XL: |  1  2 |
---------------+-------+-----
Fighting       | 3 |  3.6
Staves         | 4 |  4.9
Throwing       | |  1.7
Dodging        | |  2.6

Action                   |  1- 3 |  4- 6 || total
-------------------------+-------+-------++-------
Melee: Quarterstaff      |    67 |    51 ||   118
       Tailslap          |     5 |     5 ||    10
  Use: Potion            |       |     3 ||     3
 Stab: Sleeping          |     1 |     4 ||     5
  Eat: Ration            |       |     1 ||     1
Armor: Skin              |    15 |    16 ||    31
Dodge: Dodged            |    74 |    53 ||   127
